 Dungeon Crawl Stone Soup version 0.19-a0-644-gd04d753 (webtiles) character file.

497 Stormphoenix the Cleaver (level 6, 0/51 HPs)
             Began as a Minotaur Chaos Knight on June 14, 2016.
             Succumbed to Eustachio's poison
             ... on level 4 of the Dungeon.
             The game lasted 00:08:34 (2872 turns).

Stormphoenix the Cleaver (Minotaur Chaos Knight)    Turns: 2872, Time: 00:08:35

Health: 0/51       AC:  9    Str: 18      XL:     6   Next: 93%
Magic:  5/5        EV: 11    Int:  9      God:    Xom [......]
Gold:   169        SH:  2    Dex:  9 (10) Spells: 0 memorised, 5 levels left

rFire  . . .     SeeInvis .     n - +0 war axe
rCold  . . .     Gourm    .     b - +2 leather armour
rNeg   . . .     Faith    .     (no shield)
rPois  .         Spirit   .     (helmet restricted)
rElec  .         Dismiss  .     (no cloak)
rCorr  .         Reflect  .     h - +0 pair of gloves
SustAt .         Harm     .     l - +0 pair of boots
MR     .....                    (no amulet)
Stlth  +.........               (no ring)
                                (no ring)

@: lethally poisoned (0 -> -15), slowed, very slow, not resistant to hostile
enchantments, very unstealthy
A: retaliatory headbutt, horns 2, large bone plates 1, MP-powered wands
a: Renounce Religion


You were on level 4 of the Dungeon.
You worshipped Xom.
You were a very special plaything of Xom.
You were not hungry.

You visited 1 branch of the dungeon, and saw 4 of its levels.

You collected 169 gold pieces.

Inventory:

Hand Weapons
 i - a cursed +0 scimitar
 n - a +0 war axe (weapon)
Armour
 b - a +2 leather armour (worn)
 h - a +0 pair of gloves (worn)
 l - a +0 pair of boots (worn)
Wands
 j - a wand of flame (22/48)
Scrolls
 e - a scroll of blinking
 k - 2 scrolls of amnesia
 m - a scroll of magic mapping
Comestibles
 c - a bread ration
 d - a meat ration
 f - 2 chunks of flesh
 g - 2 fruits


   Skills:
 - Level 3.6 Fighting
 + Level 9.5 Axes
 - Level 2.4 Armour
 - Level 1.1 Dodging


You had 5 spell levels left.
You didn't know any spells.

Dungeon Overview and Level Annotations

Branches:
Dungeon (4/15)
 Temple: D:4-7

Altars:
Qazlal


Innate Abilities, Weirdness & Mutations

You reflexively headbutt those who attack you in melee.
You have a pair of horns on your head.
You are partially covered in large bone plates. (AC +2, SH +2)
You expend magic power (3 MP) to strengthen your wands.


Message History

The orc priest barely misses you.
Wield which item (- for none, * to show all)? (? for menu, Esc to quit)
Okay, then.
You closely miss the orc priest.
* * * LOW HITPOINT WARNING * * *
You feel very sick.
The orc wizard mumbles some strange words.
The orc wizard flickers and vanishes!
Deactivating autopickup; reactivate with Ctrl-A.
The orc priest misses you. You furiously retaliate!
You headbutt the orc priest, but do no damage.
You barely miss the orc priest.
* * * LOW HITPOINT WARNING * * *
You feel very sick.
The orc priest casts a cantrip, but nothing happens.
You hear some strange, mumbled words.
A puff of flame appears from out of thin air!
The puff of flame hits you!
You die...
Xom giggles madly!

# .# ...
###.. ...
#######.#
#..<.@.o#
#########


You could see an orc priest.

Vanquished Creatures
  Eustachio (D:4)
  The ghost of George the Slasher, a weakling DsGl (D:3)
  An orc priest (D:3)
  3 orc wizards
  4 gnolls (D:2)
  7 adders
  An ooze (D:2)
  A worm (D:3)
  2 dart slugs
  3 giant geckos
  4 orcs (D:3)
  3 giant cockroaches
  12 goblins
  4 hobgoblins (D:1)
  2 jackals (D:1)
  4 quokkas
  A ball python (D:1)
  9 bats
  A giant gecko skeleton (D:3)
  10 giant newts
  6 kobolds
  12 rats
92 creatures vanquished.

Notes
Turn   | Place    | Note
--------------------------------------------------------------
     0 | D:1      | Stormphoenix the Minotaur Chaos Knight began the quest for the Orb.
     0 | D:1      | Reached XP level 1. HP: 19/19 MP: 0/0
   132 | D:1      | Reached skill level 4 in Axes
   229 | D:1      | Reached XP level 2. HP: 24/26 MP: 1/1
   478 | D:1      | XOM: harmless Erth miscast
   542 | D:1      | Reached skill level 5 in Axes
   587 | D:1      | Reached XP level 3. HP: 31/31 MP: 2/2
   861 | D:2      | Reached XP level 4. HP: 31/39 MP: 3/3
   865 | D:2      | Reached skill level 6 in Axes
   931 | D:2      | XOM: divination: magic mapping
   962 | D:2      | Gained mutation: You are partially covered in large bone plates. (AC +2, SH +2) [potion of mutation]
   962 | D:2      | Gained mutation: You expend magic power (3 MP) to strengthen your wands. [potion of mutation]
  1177 | D:2      | XOM: god gift: glowing scimitar {god gift}
  1503 | D:2      | XOM: mild Chrm miscast
  1654 | D:3      | XOM: stealth player
  1685 | D:3      | Noticed George's ghost (weakling DsGl)
  1713 | D:3      | Killed George's ghost
  1713 | D:3      | Reached skill level 7 in Axes
  1713 | D:3      | Reached XP level 5. HP: 20/45 MP: 1/4
  1722 | D:3      | XOM: summons 2 hostile demons
  1723 | D:3      | Noticed a red devil
  2259 | D:3      | XOM: confusion
  2491 | D:3      | Found a stormy altar of Qazlal.
  2511 | D:3      | XOM: noise
  2585 | D:3      | Reached skill level 8 in Axes
  2585 | D:3      | XOM: summons 2 hostile demons
  2596 | D:3      | Reached XP level 6. HP: 31/51 MP: 5/5
  2828 | D:3      | XOM: mild Pois miscast
  2858 | D:4      | Noticed Eustachio
  2861 | D:4      | XOM: swap monsters
  2868 | D:4      | XOM: severe Conj miscast
  2869 | D:4      | Killed Eustachio
  2869 | D:4      | Reached skill level 9 in Axes
  2871 | D:4      | HP: 2/51 [poisoned by Eustachio]
  2872 | D:4      | Succumbed to Eustachio's poison

Vault maps used:
D:1:      dpeg_arrival_three_bigger_balls, grunt_decor_cap, minmay_newt_pond
D:2:      minmay_misc_feat_room, st_stairs_11
D:3:      overflow_temple_1_default
D:4:      good_gods_temple_1, first_bread, uniq_eustachio, uniq_natasha,
          uniq_sigmund

Skill      XL: |  1  2  3  4  5  6 |
---------------+-------------------+-----
Axes           | 4 5 7 8 9 |  9.5
Fighting       | |  3.6
Armour         | |  2.4
Dodging        | |  1.1

Action                   |  1- 3 |  4- 6 || total
-------------------------+-------+-------++-------
Melee: Hand axe          |    73 |   132 ||   205
       Headbutt          |     7 |    23 ||    30
       War axe           |       |    12 ||    12
Evoke: Wand              |       |     1 ||     1
  Use: Potion            |     4 |     5 ||     9
       Scroll            |     3 |     4 ||     7
 Stab: Sleeping          |       |     2 ||     2
       Paralysed         |       |     1 ||     1
  Eat: Chunk             |       |     6 ||     6
       Fruit             |       |     1 ||     1
Armor: Leather armour    |    34 |    52 ||    86
Dodge: Dodged            |    47 |    94 ||   141
Block: Other             |       |     6 ||     6
